 Dungeon Crawl Stone Soup version 0.23-a0-488-g5fd82c5 (webtiles) character file.

103 mhoghedin the Skirmisher (level 4, -2/38 HPs)
             Began as a Demigod Fighter on Nov 30, 2018.
             Splashed by Ijyb's acid (14 damage)
             ... on level 3 of the Dungeon on Dec 1, 2018.
             The game lasted 00:03:15 (2745 turns).

mhoghedin the Skirmisher (Demigod Fighter)          Turns: 2745, Time: 00:03:15

Health: -2/38      AC:  6    Str: 21    XL:     4   Next: 27%
Magic:  6/6        EV:  8    Int: 12    God:
Gold:   193        SH:  9    Dex: 15    Spells: 3/3 levels left

rFire    . . .     SeeInvis .   a - +0 long sword
rCold    . . .     Gourm    .   c - +0 shield
rNeg     . . .     Faith    .   b - +0 scale mail
rPois    .         Spirit   .   o - +1 helmet
rElec    .         Reflect  .   k - +0 cloak
rCorr    .         Harm     .   (no gloves)
MR       .....                  (no boots)
Stlth    ..........             (no amulet)
HPRegen  0.12/turn              (no ring)
MPRegen  0.10/turn              (no ring)

@: corroded
A: high mp 1
a: no special abilities


You were on level 3 of the Dungeon.
You were hungry.

You visited 1 branch of the dungeon, and saw 3 of its levels.

You collected 193 gold pieces.

Inventory:

Hand Weapons
 a - a +0 long sword (weapon)
Armour
 b - a +0 scale mail (worn)
 c - a +0 shield (worn)
 k - a +0 cloak (worn)
   (You found it on level 2 of the Dungeon)
 o - a +1 helmet (worn)
   (You found it on level 3 of the Dungeon)
Wands
 m - a wand of acid (7)
   (You found it on level 2 of the Dungeon)
Scrolls
 g - a scroll of remove curse
 h - a scroll of teleportation
 n - 2 scrolls of identify {unknown}
Potions
 d - 2 potions of might
 e - a potion of heal wounds {unknown}
 i - 2 potions of invisibility {unknown}
 j - a potion of curing {unknown}
 l - a potion of degeneration {unknown}
 p - a potion of magic {unknown}
Comestibles
 f - a ration


   Skills:
 + Level 3.2 Fighting
 + Level 2.4 Long Blades
 + Level 3.2 Armour
 + Level 1.4 Dodging
 + Level 3.2 Shields


You had 3 spell levels left.
You didn't know any spells.
Your spell library was empty.

Dungeon Overview and Level Annotations

Branches:
Dungeon (3/15)

Annotations:
D:3 Ijyb


Innate Abilities, Weirdness & Mutations

You have an increased reservoir of magic. (+10% MP)


Message History

a +0 club; 3 stones; a kobold corpse A goblin comes into view.
It is wielding a +0 club.
The goblin shouts!
The goblin moves out of view.
The goblin is too close now for your liking.
A goblin is nearby!
A kobold comes into view.
Ijyb the Twisted Goblin comes into view.
She is wielding a +0 dagger and The kobold wields a +0 blowgun.
The kobold shoots a poisoned needle.
You block the poisoned needle.
You see here a poisoned needle.
Ijyb shouts!
You see here a shiny helmet.
o - a shiny helmet Ijyb zaps a wand.
The bolt of acid hits you!
You are splashed with acid!
The acid burns!
You take 21 damage, and have 17/38 hp.
MASSIVE DAMAGE!!
There is a stone staircase leading up here.
The goblin hits you but does no damage.
You climb upwards.
There is a stone staircase leading down here.
You barely miss the goblin. You block the goblin's attack.
You barely miss the goblin. You block the goblin's attack.
You closely miss the goblin. The goblin hits you but does no damage.
You block the goblin's attack.
You closely miss the goblin. You block the goblin's attack.
You completely miss the goblin. You block the goblin's attack.
You closely miss the goblin. The goblin hits you with a +0 club.
You take 1 damage, and have 18/38 hp.
You completely miss the goblin. You block the goblin's attack.
You slash the goblin!
You kill the goblin!
You see here a +0 club.
You start putting on your armour.
You continue putting on your shiny helmet. x4
You finish putting on your +1 helmet.
You start resting.
You are feeling hungry.
You regained 18 hp, and now have 37/38 hp.
There is an open door here.
There is a stone staircase leading down here.
Health restored: 38 You climb downwards.
Level annotation: Ijyb A giant cockroach comes into view.
You block the giant cockroach's attack.
Found a yellow potion.
Found an escape hatch in the floor.
There is a stone staircase leading up here.
You closely miss the giant cockroach. The giant cockroach closely misses you.
You barely miss the giant cockroach.
The giant cockroach bites you but does no damage. x2
You hit the giant cockroach. You block the giant cockroach's attack.
You hit the giant cockroach but do no damage.
You block the giant cockroach's attack. The giant cockroach barely misses you.
You hit the giant cockroach.
The giant cockroach bites you but does no damage.
You block the giant cockroach's attack.
You hit the giant cockroach but do no damage.
You block the giant cockroach's attack.
The giant cockroach bites you but does no damage.
Your shield prevents you from hitting the giant cockroach.
You block the giant cockroach's attack.
You hit the giant cockroach but do no damage.
The giant cockroach closely misses you.
You riposte.
You slash the giant cockroach!
You kill the giant cockroach!
No target in view!
A bat comes into view.
A bat is nearby!
The bat barely misses you.
You riposte.
You barely miss the bat. The bat closely misses you.
You riposte.
You hit the bat.
You kill the bat!
No target in view!
No target in view!
No target in view!
No target in view!
No target in view!
No target in view!
No target in view!
No target in view!
No target in view!
No target in view!
No target in view!
No target in view!
No target in view!
p - a yellow potion Ijyb shouts!
Ijyb is too close now for your liking.
You see here 14 gold pieces.
Ijyb zaps a wand.
The bolt of acid hits you! The acid corrodes you!
You are splashed with acid!
The acid burns!
You take 16 damage, and have 22/38 hp.
MASSIVE DAMAGE!!
Aim: Ijyb, wielding a +0 dagger, wearing a +0 ring mail and carrying a wand of The bolt of acid hits Ijyb.
Ijyb is splashed with acid.
The acid corrodes Ijyb!
Ijyb zaps a wand.
The bolt of acid hits you!
You are splashed with acid!
The acid burns!
You die...

.... .... .#. ... .... ..... ..#
..... .. ...?.#### #.#
.............. ........# #.#
....#..........
#......#####.##...... ........
#......##...........# #... ...
#......##.$..@g#.....##..# #.>
#........................###K.
+......######..............(..
..#......................).....#
#...............######.....(<..#
.#.....##....... .............#
#............## #..........###
#............# #..........#
...............# #...........


You could see Ijyb.

Vanquished Creatures
  4 adders (D:2)
  2 oozes
  A worm (D:2)
  3 dart slugs (D:1)
  4 leopard geckos
  3 giant cockroaches
  5 goblins
  5 hobgoblins
  6 kobolds
  A ball python (D:1)
  4 bats
  5 frilled lizards
  4 rats (D:1)
47 creatures vanquished.

Notes
Turn   | Place    | Note
-------+----------+-------------------------------------------
     0 | D:1      | mhoghedin the Demigod Fighter began the quest for the Orb.
     0 | D:1      | Reached XP level 1. HP: 18/18 MP: 3/3
    66 | D:1      | Reached skill level 2 in Long Blades
    69 | D:1      | Reached XP level 2. HP: 15/25 MP: 4/4
   152 | D:1      | Upgraded the game from 0.23-a0-484-g29ba69c to
                  | 0.23-a0-488-g5fd82c5
   381 | D:1      | Reached skill level 3 in Armour
   546 | D:1      | Reached skill level 3 in Fighting
   611 | D:1      | Reached skill level 3 in Shields
   620 | D:1      | Reached XP level 3. HP: 27/31 MP: 5/5
  1004 | D:2      | Reached skill level 1 in Dodging
  1179 | D:2      | Found a shadowy altar of Dithmenos.
  1542 | D:2      | Found a white marble altar of Elyvilon.
  1750 | D:2      | HP: 7/31 [poisoned by an adder]
  1752 | D:2      | Reached XP level 4. HP: 9/38 MP: 6/6
  1755 | D:2      | HP: 7/38 [poisoned by an adder]
  1763 | D:2      | HP: 6/38 [poisoned by an adder]
  2528 | D:3      | Noticed Ijyb
  2745 | D:3      | Splashed by Ijyb's acid

Vault maps used:
D:1:      lemuel_arrival_hallway, chequers_serial_rivers_marsh,
          serial_bayou_pond_d, minmay_nonomino_d4
D:2:      old_standard_altar, grunt_dithmenos_smoke_and_mirrors
D:3:      first_ration, uniq_jessica, uniq_ijyb, uniq_sigmund

Skill      XL: |  1  2  3 |
---------------+----------+-----
Long Blades    | 2 |  2.4
Armour         | 3 |  3.2
Fighting       | 3 |  3.2
Shields        | 3 |  3.2
Dodging        | 1 |  1.4

Action                   |  1- 3 |  4- 6 || total
-------------------------+-------+-------++-------
Melee: Long sword        |   123 |    39 ||   162
       Whip              |     2 |       ||     2
Evoke: Wand              |       |     1 ||     1
  Use: Scroll            |     4 |       ||     4
  Eat: Chunk             |     2 |       ||     2
       Ration            |       |     1 ||     1
Armor: Scale mail        |    68 |     6 ||    74
Dodge: Dodged            |    37 |    14 ||    51
Block: Shield            |    72 |    22 ||    94
       Rpst.: Long sword |    18 |     5 ||    23

Table legend:
 A = Non-vault XP
 B = Vault XP
 C = Vault XP percentage of total XP
 D = Non-vault monster count
 E = Vault monster count
 F = Vault count percentage of total count
                 A         B        C        D         E       F
            +---------+---------+-------+---------+---------+-------
      Total |     136 |      12 |   8.1 |      42 |       5 |  10.6
            +---------+---------+-------+---------+---------+-------
        D:1 |      44 |      12 |  21.4 |      21 |       5 |  19.2
        D:2 |      87 |       0 |   0.0 |      18 |       0 |   0.0
        D:3 |       5 |       0 |   0.0 |       3 |       0 |   0.0
            +---------+---------+-------+---------+---------+-------

Vault maps used:
D:1:      lemuel_arrival_hallway, chequers_serial_rivers_marsh,
          serial_bayou_pond_d, minmay_nonomino_d4
D:2:      old_standard_altar, grunt_dithmenos_smoke_and_mirrors
D:3:      first_ration, uniq_jessica, uniq_ijyb, uniq_sigmund

Table legend:
 A = Turns spent in this place as a percentage of turns spent in the entire game.
 B = Non-inter-level travel turns spent in this place as a percentage of non-inter-level travel turns spent in the entire game.
 C = Inter-level travel turns spent in this place as a percentage of turns spent in this place.
 D = Turns resting spent in this place as a percentage of non-inter-level travel turns spent in this place.
 E = Turns spent auto-exploring this place as a percentage of non-inter-level travel turns spent in this place.
 F = Non-inter-level travel turns spent in this place divided by the number of levels of this place that you've seen.
                   A       B       C       D       E      F
               +-------+-------+-------+-------+-------+----------------------
         Total | 100.0 | 100.0 |   1.5 |  40.6 |  47.3 | 901.3
       Dungeon | 100.0 | 100.0 |   1.5 |  40.6 |  47.3 | 901.3
               +-------+-------+-------+-------+-------+----------------------

Table legend:
 A = Kills in this place as a percentage of kills in entire the game.
 B = Kills by you in this place as a percentage of kills by you in the entire game.
 C = Kills by friends in this place as a percentage of kills by friends in the entire game.
 D = Other kills in this place as a percentage of other kills in the entire game.
 E = Experience gained in this place as a percentage of experience gained in the entire game.
 F = Experience gained in this place divided by the number of levels of this place that you have seen.
                   A       B       C       D       E      F
               +-------+-------+-------+-------+-------+----------------------
         Total | 100.0 | 100.0 |   N/A |   N/A | 100.0 |  49.3
       Dungeon | 100.0 | 100.0 |   N/A |   N/A | 100.0 |  49.3
               +-------+-------+-------+-------+-------+----------------------
